 Dungeon Crawl Stone Soup version 0.29.1-1-gd02db6906a (webtiles) character file.

Game seed: 17954983149157207141

86 GandalfHyperdrive the Digger (level 4, -1/24 HPs)
             Began as a Gargoyle Earth Elementalist on Sept 18, 2022.
             Constricted to death by Sigmund (5 damage)
             ... on level 3 of the Dungeon.
             The game lasted 00:12:52 (2538 turns).

GandalfHyperdrive the Digger (GrEE)                 Turns: 2538, Time: 00:12:57

Health: -1/24      AC:  9    Str: 12    XL:     4   Next: 49%
Magic:  1/8        EV:  8    Int: 19    God:
Gold:   155        SH:  0    Dex: 10    Spells: 4/9 levels left

rFire   . . .      SeeInvis .   m - +2 mace (vorpal)
rCold   + . .      Faith    .   (no shield)
rNeg    + . .      Spirit   .   l - +2 robe "Raym" {rC+ rCorr Int+2}
rPois   ∞          Reflect  .   (no helmet)
rElec   +          Harm     .   (no cloak)
rCorr   +          Rampage  .   i - +1 pair of gloves
Will    .....                   (no boots)
Stlth   ++........              (no amulet)
HPRegen 0.08/turn               (no ring)
MPRegen 0.11/turn               (no ring)

@: grasped by roots, constricted
A: sickness immunity, AC +3, negative energy resistance 1, electricity
resistance, torment resistance 1, petrification resistance
a: no special abilities


You were on level 3 of the Dungeon.
You visited 1 branch of the dungeon, and saw 3 of its levels.

You collected 155 gold pieces.

Inventory:

Hand Weapons
 g - a +0 spear
 m - a +2 vorpal mace (weapon)
Missiles
 f - 49 stones
Armour
 a - a +0 robe
 i - a +1 pair of gloves (worn)
 l - the +2 robe "Raym" (worn) {rC+ rCorr Int+2}
   (You found it on level 2 of the Dungeon)

   Int:       It affects your intelligence (+2).
   rC:        It protects you from cold.
   rCorr:     It protects you from acid and corrosion.
 o - a +0 kite shield
Scrolls
 e - 2 scrolls of identify {unknown}
 h - a scroll of blinking {unknown}
 k - a scroll of magic mapping {unknown}
 n - a scroll of immolation {unknown}
 q - a scroll of poison {unknown}
Potions
 b - 2 potions of magic
 c - 4 potions of heal wounds {unknown}
 d - 5 potions of curing {unknown}
 j - a potion of mutation {unknown}
 p - a potion of brilliance {unknown}


   Skills:
 - Level 1.5 Dodging
 - Level 2.1 Stealth
 + Level 3.3 Spellcasting
 - Level 0.7 Transmutations
 + Level 5.1 Earth Magic


You had 4 spell levels left.
You knew the following spells:

 Your Spells              Type           Power      Damage    Failure   Level
a - Sandblast             Erth           44%        2d11      1%          1
b - Stone Arrow           Conj/Erth      24%        3d8       16%         3
c - Summon Small Mammal   Summ           12%        N/A       16%         1

Your spell library contained the following spells:

 Spells                   Type           Power      Damage    Failure   Level
 Passwall                 Tmut/Erth      11%        N/A       7%          2
 Apportation              Tloc           6%         N/A       16%         1
 Necrotise                Necr           12%        1d4       16%         1
 Gell's Gravitas          Tloc           3%         N/A       41%         3
 Lesser Beckoning         Tloc           3%         N/A       41%         3
 Teleport Other           Tloc           3%         N/A       41%         3
 Vampiric Draining        Necr           3%         2d6       41%         3
 Petrify                  Tmut/Erth      14%        N/A       41%         4
 Agony                    Necr           3%         N/A       99%         5


Dungeon Overview and Level Annotations

Branches:
Dungeon (3/15)

Altars:
Ashenzari
Zin

Shops:
D:2 *

Annotations:
D:3 Sigmund


Innate Abilities, Weirdness & Mutations

You are immune to sickness and miasma.
Your stone body is resilient. (AC +3)
You are immune to poison.
You resist negative energy. (rN+)
You are resistant to electric shocks. (rElec)
You are resistant to unholy torment.
You are immune to petrification.


Message History

Your bat's corpse disappears in a puff of smoke!
Casting: Sandblast (safe; 1% risk of failure)
Confirm with . or Enter, or press ? or * to list all spells.
Sigmund appears from thin air!
Reactivating autopickup.
Your bat barely misses the worm.
The rat bites your bat. The worm closely misses you.
Sigmund casts a spell at you.
Your bat resists with significant effort.
Casting: Summon Small Mammal (safe; 16% risk of failure)
Confirm with . or Enter, or press ? or * to list all spells.
Aiming: Sandblast (safe; 1% risk of failure)
Press: ? - help, Shift-Dir - straight line, f/p - worm
Aim: a worm (almost dead, ally target, 94% to hit)
The blast of sand hits the worm!
You kill the worm!
Your bat misses Sigmund.
Your bat closely misses Sigmund.
Your bat closely misses the rat.
An adder comes into view.
Sigmund gestures at you while chanting.
Your bat appears confused.
Your bat barely misses you.
Your bat hits Sigmund but does no damage.
Your bat barely misses you.
The rat barely misses you.
Casting: Sandblast (safe; 1% risk of failure)
Confirm with . or Enter, or press ? or * to list all spells.
Aiming: Sandblast (safe; 1% risk of failure)
Press: ? - help, Shift-Dir - straight line, f - rat
Aim: a rat (ally target, 83% to hit)
The blast of sand hits the rat!
You kill the rat!
Your bat barely misses Sigmund.
Your bat closely misses you.
Your bat completely misses itself.
Sigmund zaps a wand.
The roots erupt in riotous growth!
Roots grab your bat. The grasping roots grab you!
Sigmund is unaffected.
The grasping roots constrict your bat.
Your bat dies!
Your bat's corpse disappears in a puff of smoke!
The grasping roots constrict you.
You die...

#.............)..........#
#..##........###########.#
.......>.......# #.#
##.....#.......# #.#
#.....#...K...# #.#
.....#.......# #.#
.....#.......# #.#
!......#################.#
.....S.'b@§@?...(.......?#
.......###################
...)... .....K. .......
.......


You could see Sigmund (ally target), an adder and a friendly bat (summoned).

Vanquished Creatures
  3 adders (D:2)
  3 worms
  A dart slug (D:1)
  4 ball pythons
  4 bats
  5 endoplasms
  2 giant cockroaches (D:2)
  5 goblins
  4 hobgoblins
  3 jackals (D:2)
  4 quokkas
  A frilled lizard (D:3)
  2 kobolds
  4 rats
45 creatures vanquished.

Notes
Turn   | Place    | Note
-------+----------+-------------------------------------------
     0 | D:1      | GandalfHyperdrive the Gargoyle Earth Elementalist began the
                  | quest for the Orb.
     0 | D:1      | Reached XP level 1. HP: 10/10 MP: 3/3
     2 | D:1      | Noticed a minotaur
     2 | D:1      | Noticed an octopode
     4 | D:1      | Noticed a merfolk
     4 | D:1      | Noticed a naga
     6 | D:1      | Noticed a demonspawn
     6 | D:1      | Noticed a tengu
     8 | D:1      | Noticed an elf
     8 | D:1      | Noticed a troll
    10 | D:1      | Noticed a gargoyle
    12 | D:1      | Noticed a demigod
    12 | D:1      | Noticed a formicid
    14 | D:1      | Noticed an ogre
    14 | D:1      | Noticed a felid
    16 | D:1      | Noticed a human
    18 | D:1      | Noticed a draconian
    18 | D:1      | Noticed a spriggan
    20 | D:1      | Noticed a vine stalker
    22 | D:1      | Noticed a meteoran
    22 | D:1      | Noticed a vampire
    24 | D:1      | Noticed an ogre
    24 | D:1      | Noticed a ghoul
    26 | D:1      | Noticed a ghoul
    26 | D:1      | Noticed an octopode
   304 | D:1      | Reached XP level 2. HP: 15/15 MP: 3/5
   334 | D:1      | Reached skill level 4 in Earth Magic
  1067 | D:2      | Identified the +2 robe "Raym" {rC+ rCorr Int+2}
  1111 | D:2      | Reached XP level 3. HP: 19/19 MP: 1/6
  1416 | D:2      | Found Sykkumeb's Assorted Antiques.
  1764 | D:2      | Reached XP level 4. HP: 24/24 MP: 4/8
  1814 | D:2      | Found a broken altar of Ashenzari.
  1831 | D:2      | Reached skill level 5 in Earth Magic
  2171 | D:2      | Learned a level 3 spell: Stone Arrow
  2396 | D:3      | Found a glowing silver altar of Zin.
  2481 | D:3      | Noticed Sigmund
  2526 | D:3      | Learned a level 1 spell: Summon Small Mammal
  2538 | D:3      | Constricted to death by Sigmund

Illustrated notes

Levels and vault maps discovered:
D:1:      kb_arrival_jail, layout_basic, dk_noncrumbling_3
D:2:      layout_loops_corners, serial_shops, nicolae_shop_overgrown_old_shop,
          basic_altar, minmay_randomly_rotated_circles
D:3:      layout_basic, zin_scriptorium, hellmonk_ecumenical_altar_arch_garden,
          uniq_sigmund

Skill      XL: |  1  2  3  4 |
---------------+-------------+-----
Earth Magic    | 4 5 |  5.1
Spellcasting   | 3 |  3.3
Dodging        | |  1.5
Stealth        | |  2.1
Transmutations | |  0.7

Action                   |  1- 3 |  4- 6 || total
-------------------------+-------+-------++-------
Melee: Spear             |     9 |       ||     9
       Mace              |     8 |     1 ||     9
 Cast: Sandblast         |    44 |    18 ||    62
       Summon Small Mamm |       |     4 ||     4
Armor: Robe              |    15 |     2 ||    17
Dodge: Dodged            |    22 |     6 ||    28
